[Event "Early-Titled-Tuesday-Blitz-January-30-2024"]
[Site "Chess.com"]
[Date "2024.01.30"]
[Round "9"]
[White "deepfear"]
[Black "Resignify"]
[Result "0-1"]
[WhiteElo "1955"]
[BlackElo "2269"]
[TimeControl "180+1"]
[EndTime "9:48:55 PST"]
[Termination "Resignify won on time"]

1. e4 d6 2. d4 Nf6 3. Nc3 g6 4. f4 Bg7 5. Nf3 O-O 6. Bc4 Nxe4 7. Nxe4 d5 8. Bd3 dxe4 9. Bxe4 c6 10. O-O Nd7 11. c3 Qb6 12. Qb3 Qc7 13. Bd3 Nb6 14. Ne5 Be6 15. Qc2 f6 16. Nf3 Bf7 17. f5 g5 18. h3 Rfd8 19. Bd2 c5 20. Rae1 Rac8 21. Qd1 Qd7 22. Bc2 Qc6 23. Qe2 Bf8 24.
Bb3 Bxb3 25. axb3 Kf7 26. Qe6+ Qxe6 27. Rxe6 Nd5 28. Rfe1 Rd6 29. g4 Rxe6 30. Rxe6 Nc7 31.
Re1 cxd4 32. Nxd4 Rd8 33. Bc1 Rd6 34. b4 a6 35. Be3 e6 36. fxe6+ Nxe6 0-1

[Event "Early-Titled-Tuesday-Blitz-January-30-2024"]
[Site "Chess.com"]
[Date "2024.01.30"]
[Round "9"]
[White "AradNazari"]
[Black "VomDingJetztHer"]
[Result "0-1"]
[WhiteElo "2672"]
[BlackElo "2508"]
[TimeControl "180+1"]
[EndTime "9:48:58 PST"]
[Termination "VomDingJetztHer won on time"]

1. g4 e5 2. e4 Nc6 3. Nc3 Bc5 4. Nf3 d6 5. h3 Nge7 6. Bc4 h6 7. a3 a6 8. d3 Ng6 9. Be3 Nd4 10. Bxd4 Bxd4 11. Nxd4 exd4 12. Ne2 Qf6 13. Qd2 Qf3 14. O-O-O c5 15.
Bd5 Rb8 16. Rdg1 Be6 17. Rh2 Bxd5 18. Rg3 Qf6 19. exd5 O-O 20. f4 Rfe8 21. Rf2 Re7 22. Kb1 Rbe8 23. f5 Re3 24. Rg1 Nh4 25. Rgf1 Qe5 26. Nf4 Re1+ 27. Ka2 Rxf1 28. Rxf1 Qe3 29. Qa5 Nf3 30. Nh5 Qe5 31. Rxf3 Qxd5+ 32. b3 Qxf3 33.
Qc7 Qc6 34. Qa5 b6 35. Qxa6 Ra8 36. Qc4 d5 0-1

[Event "Early-Titled-Tuesday-Blitz-January-30-2024"]
[Site "Chess.com"]
[Date "2024.01.30"]
[Round "9"]
[White "FREDERICKtheMATE"]
[Black "baki83"]
[Result "0-1"]
[WhiteElo "2580"]
[BlackElo "2795"]
[TimeControl "180+1"]
[EndTime "9:48:59 PST"]
[Termination "baki83 won by checkmate"]

1. Nf3 d5 2. e3 Nf6 3. b3 Bf5 4.
Bb2 e6 5. d4 Be7 6. Be2 O-O 7.
O-O h6 8. c4 c6 9. Nc3 Nbd7 10. a3 Ne4 11. b4 a6 12. Rc1 Bd6 13. Nxe4 Bxe4 14. Ne5 Nxe5 15. dxe5 Bc7 16. f3 Bh7 17. c5 Qe7 18. f4 Be4 19. Bf3 Bxf3 20. Qxf3 a5 21. Bd4 axb4 22. axb4 Ra4 23. Rb1 Rfa8 24.
b5 Ba5 25. Qg4 Bb4 26. bxc6 bxc6 27. Rfc1 Qa7 28. h4 Qa5 29. h5 Ra2 30. f5 exf5 31.
Qxf5 Bd2 32. Rf1 Qc7 33. Rf4 Qe7 34. Rg4 Qe6 35. Qf3 R2a3 36. Rg3 g5 37. hxg6 fxg6 38.
Qe2 Bc3 39. Qc2 Bxd4 40. Rxg6+ Kf7 41. Rxe6 Bxe3+ 42. Kh1 Kxe6 43. Qg6+ Kxe5 44. Qd6+ Kd4 45. Qxc6 Kc4 46. Qb5+ Kd4 47. c6 Ke5 48. c7 R3a4 49.
Re1 Rh4# 0-1

[Event "Early-Titled-Tuesday-Blitz-January-30-2024"]
[Site "Chess.com"]
[Date "2024.01.30"]
[Round "9"]
[White "Harry_Rakkel"]
[Black "Predator0608"]
[Result "1/2-1/2"]
[WhiteElo "2697"]
[BlackElo "2486"]
[TimeControl "180+1"]
[EndTime "9:49:00 PST"]
[Termination "Game drawn by repetition"]

1. e4 c5 2. Nf3 d6 3. d4 cxd4 4. Nxd4 Nf6 5. Nc3 a6 6. h4 e5 7. Nb3 Be6 8. Bg5 Nbd7 9. a4 h6 10. Be3 Rc8 11. Qd2 Rxc3 12. Qxc3 Nxe4 13. Qa5 Qc8 14. Bd3 Nef6 15. O-O Be7 16. c4 Ng4 17. Rfe1 Bxh4 18. Nd2 O-O 19. Ne4 Be7 20. Bd2 f5 21.
Nc3 Nc5 22. Bc2 Qe8 23. f3 Nf6 24. b4 Ncd7 25. Nd5 Bxd5 26. Qc7 Be6 27. Qxb7 Bxc4 28. Bxf5 d5 29. Be3 g6 30. Be6+ Kg7 31. b5 axb5 32.
axb5 Qb8 33. Ra7 Bxb5 34. Rb1 Qxb7 35. Rxb7 Bc6 36. Rc7 Ba4 37. Ra1 Bb5 38. Rb1 Ba4 39. Ra1 Bb5 40. Rb1 Ba4 1/2-1/2

[Event "Early-Titled-Tuesday-Blitz-January-30-2024"]
[Site "Chess.com"]
[Date "2024.01.30"]
[Round "9"]
[White "Dinosaurio_1975"]
[Black "SabinaFoisor"]
[Result "1-0"]
[WhiteElo "2579"]
[BlackElo "2376"]
[TimeControl "180+1"]
[EndTime "9:49:00 PST"]
[Termination "Dinosaurio_1975 won on time"]

1. e4 c6 2. d4 d5 3. e5 Bf5 4.
Bd3 Bxd3 5. Qxd3 e6 6. c3 c5 7. Ne2 Nc6 8. O-O Nge7 9. dxc5 Nxe5 10. Qg3 N5g6 11. Nd4 Nc6 12. b4 Be7 13. a4 O-O 14. Be3 a5 15. b5 Nce5 16. Nb3 Nc4 17. N1d2 f5 18. f4 Bh4 19. Qf3 e5 20. fxe5 Ngxe5 21. Qf4 g5 22. Qd4 f4 23. Bf2 Bxf2+ 24. Rxf2 Ng4 25.
Re2 Nce3 26. Nf1 Qf6 27. h3 Qxd4 28. cxd4 Nxf1 29. Kxf1 Ne3+ 30. Kf2 Rae8 31. Nxa5 Rf7 32. c6 b6 33. Nb7 Ref8 34. a5 bxa5 35. b6 h5 36. c7 g4 37. Nd8 g3+ 38. Kf3 Nf5 39. Rd2 Re7 40. c8=Q 1-0

[Event "Early-Titled-Tuesday-Blitz-January-30-2024"]
[Site "Chess.com"]
[Date "2024.01.30"]
[Round "9"]
[White "Der_Balak_3Halak"]
[Black "Actuary44"]
[Result "1-0"]
[WhiteElo "2364"]
[BlackElo "2473"]
[TimeControl "180+1"]
[EndTime "9:49:01 PST"]
[Termination "Der_Balak_3Halak won by checkmate"]

1. e4 b6 2. Nf3 Bb7 3. d3 e6 4. g3 Nf6 5. Bg2 d5 6. Nbd2 c5 7. Qe2 Nc6 8. O-O Qc7 9. Re1 O-O-O 10. a4 d4 11. Nc4 e5 12. Bd2 Nd7 13. Ng5 Nf6 14. Na3 a6 15. Nc4 h6 16. Nxb6+ Kb8 17.
Nd5 Nxd5 18. exd5 hxg5 19. dxc6 Bxc6 20. Ba5 Qxa5 21. Bxc6 Bd6 22. Bg2 Rh6 23. Qf3 Qb6 24.
Qxf7 Rdh8 25. a5 Qc7 26. Qd5 Kc8 27. h3 Rf8 28. Qa8+ Kd7 29. Qxa6 Rhf6 30. Re2 e4 31. Qb5+ Ke7 32. Rxe4+ Kf7 33. Qc4+ Kg6 34. Re2 Rb8 35.
b3 Rbf8 36. a6 Bxg3 37. fxg3 Qxg3 38. a7 Rf2 39. Qe6+ R8f6 40. Qe4+ Kh6 41. a8=Q Rxe2 42. Qh8# 1-0

[Event "Early-Titled-Tuesday-Blitz-January-30-2024"]
[Site "Chess.com"]
[Date "2024.01.30"]
[Round "9"]
[White "Darkbluelord"]
[Black "Felix-Rose"]
[Result "0-1"]
[WhiteElo "2123"]
[BlackElo "2348"]
[TimeControl "180+1"]
[EndTime "9:49:01 PST"]
[Termination "Felix-Rose won by resignation"]

1. e4 e5 2. Nf3 Nc6 3. d4 exd4 4.
Bc4 Nf6 5. e5 d5 6. Bb5 Ne4 7.
Nxd4 Bc5 8. O-O O-O 9. Bxc6 bxc6 10. f3 Ng5 11. Be3 Qe7 12. f4 Ne4 13. Kh1 Bd7 14.
Nc3 Nxc3 15. bxc3 f6 16. Qd3 fxe5 17. fxe5 Qxe5 18. Rfe1 Bd6 19. Bg1 Qh5 20. Nf3 Bf5 21.
Qa6 Be4 22. Nd4 Rf2 23. Rxe4 dxe4 24. Qxc6 Raf8 25. Qxe4 h6 26. Qe6+ Kh8 27. Qe3 Rf1 28. Rxf1 Rxf1 29. h3 Qe5 30. Qxe5 Bxe5 31. Ne2 c5 32. g4 c4 33. Kg2 Ra1 34. Ng3 Bxg3 35. Kxg3 Rxa2 36. Bd4 Rxc2 37. Kf4 a5 38. Ke5 a4 39.
Kd5 a3 40. Kxc4 a2 41. Kb3 a1=Q 42. Kxc2 Qf1 43. Kb2 Qxh3 44. Kb3 Qxg4 45. Kc4 Qc8+ 0-1

[Event "Early-Titled-Tuesday-Blitz-January-30-2024"]
[Site "Chess.com"]
[Date "2024.01.30"]
[Round "9"]
[White "adotand"]
[Black "chucksterf10"]
[Result "1-0"]
[WhiteElo "2831"]
[BlackElo "2621"]
[TimeControl "180+1"]
[EndTime "9:49:03 PST"]
[Termination "adotand won by resignation"]

1. e4 c5 2. Nf3 d6 3. Bc4 e6 4.
O-O a6 5. a4 Nf6 6. Re1 Nc6 7. c3 Be7 8. Bb3 e5 9. d3 O-O 10. Bg5 Bg4 11. Nbd2 b5 12. h3 Bh5 13.
Bxf6 Bxf6 14. Nf1 Na5 15. Bd5 Ra7 16. axb5 Qb6 17. b4 cxb4 18. cxb4 Nb7 19. bxa6 Bxf3 20. Qxf3 Rxa6 21. Rxa6 Qxa6 22. Ng3 Qb6 23. Rb1 Nc5 24. b5 Na4 25. Bc4 Qc5 26. Nh5 Bd8 27. Rc1 Qd4 28.
Ng3 g6 29. Ne2 Qb2 30. Rf1 Kg7 31. g3 Bb6 32. h4 h5 33. Kg2 Bc5 34. Rh1 Nb6 35.
g4 hxg4 36. Qxg4 Nxc4 37. dxc4 Qc2 38. h5 Qxc4 39. Ng3 Kf6 40. hxg6 fxg6 41. Rh7 Rf7 42. Rh6 Ke7 43. Nh1 Qxb5 44. Rxg6 Qc4 45. Rg8 Qe6 46. Re8+ Kxe8 47. Qxe6+ Re7 48. Qg8+ Kd7 49. Ng3 Kc6 50. Qd5+ Kc7 51. Nf5 Rd7 52. Qa8 Kb6 53.
Kf3 Kc7 54. Qa5+ Kc6 55. Qa4+ Kc7 56. Qb5 Rf7 57. Ke2 Rh7 58. Qc4 Kb6 59. Qd5 Rh1 60.
Nxd6 1-0

[Event "Early-Titled-Tuesday-Blitz-January-30-2024"]
[Site "Chess.com"]
[Date "2024.01.30"]
[Round "9"]
[White "viktorgen2021"]
[Black "stepanosinovsky"]
[Result "0-1"]
[WhiteElo "2562"]
[BlackElo "2406"]
[TimeControl "180+1"]
[EndTime "9:49:04 PST"]
[Termination "stepanosinovsky won by checkmate"]

1. d4 Nf6 2. Nf3 g6 3. g3 Bg7 4.
Bg2 O-O 5. O-O d6 6. a4 Nbd7 7.
a5 a6 8. Nc3 e5 9. e4 exd4 10.
Nxd4 Nc5 11. h3 Re8 12. Re1 Bd7 13. Bf4 Ne6 14. Be3 Nxd4 15. Bxd4 Bc6 16. Qd3 Nd7 17. Bxg7 Kxg7 18. Rad1 Qf6 19. f4 Re7 20. Qc4 Rae8 21. Re2 h5 22. Rf1 h4 23. g4 g5 24. e5 dxe5 25.
Bxc6 Qxc6 26. Qxc6 bxc6 27. fxg5 e4 28. Re3 Kg6 29.
Rf4 Nc5 30. b4 Ne6 31. Rfxe4 Kxg5 32. Re5+ Kf6 33. Rh5 Ng5 34. Rxe7 Rxe7 35. Rh6+ Kg7 36. Rxc6 Nxh3+ 37. Kh2 Ng5 38. Rxa6 Rd7 39. Rc6 Rd2+ 40. Kh1 Nf3 41. a6 Rh2# 0-1

[Event "Early-Titled-Tuesday-Blitz-January-30-2024"]
[Site "Chess.com"]
[Date "2024.01.30"]
[Round "9"]
[White "vesalhamedinia"]
[Black "lacafi"]
[Result "1-0"]
[WhiteElo "2472"]
[BlackElo "2241"]
[TimeControl "180+1"]
[EndTime "9:49:04 PST"]
[Termination "vesalhamedinia won on time"]

1. d4 f5 2. Nf3 Nf6 3. Bf4 g6 4. e3 Bg7 5. Bc4 e6 6. O-O O-O 7. h3 Kh8 8. a4 d6 9. a5 Qe7 10. Nbd2 Nh5 11. Bh2 e5 12. dxe5 dxe5 13. c3 e4 14. Nd4 f4 15. exf4 Nxf4 16. Bxf4 Rxf4 17. Qe2 c5 18. Nc2 Nc6 19. Ne3 Be6 20. a6 Bxc4 21. Ndxc4 Rd8 22. axb7 Qxb7 23. Rfd1 Rxd1+ 24. Rxd1 Qc8 25. Nd6 Qe6 26. Qb5 Ne5 27. Qe8+ Qxe8 28. Nxe8 Nd3 29. Rd2 Bh6 30. Nd6 Rxf2 31. Rxd3 Rxb2 32. Rd1 Bxe3+ 33.
Kh1 Rd2 34. Re1 Bf2 35. Rf1 Bg3 36. Nxe4 Rd3 37. c4 a5 38. Nxc5 Rc3 39. Nd7 1-0

[Event "Early-Titled-Tuesday-Blitz-January-30-2024"]
[Site "Chess.com"]
[Date "2024.01.30"]
[Round "9"]
[White "FLYD"]
[Black "oogee"]
[Result "0-1"]
[WhiteElo "2042"]
[BlackElo "2313"]
[TimeControl "180+1"]
[EndTime "9:49:04 PST"]
[Termination "oogee won by resignation"]

1. e4 c5 2. Nf3 d6 3. d4 cxd4 4. Nxd4 Nf6 5. Nc3 a6 6. h4 Nc6 7. Bg5 Nd7 8. Qd2 h6 9. Be3 Nde5 10. O-O-O Ng4 11. Bc4 Nxe3 12. Qxe3 Ne5 13. Bb3 b5 14. f4 Nc4 15. Qe2 Na5 16. Bd5 Bb7 17. f5 Qb6 18. Qh5 Bxd5 19. Nxd5 Qb7 20. Ne6 Rc8 21. Kb1 Rg8 22. Nd4 g6 23. Qe2 g5 24. hxg5 Rxg5 25.
Rhe1 Bg7 26. f6 Bxf6 27. Nxf6+ exf6 28. Nf5 Nc4 29. Qxc4 Rxc4 30. Nxd6+ Ke7 31. Nxb7 Rxg2 32. e5 Rcxc2 33. exf6+ Kxf6 34. Rf1+ Kg7 35. Rg1 Rxb2+ 36. Ka1 Rxa2+ 37. Kb1 Rb2+ 38. Ka1 h5 39. Nc5 h4 40. Nd3 Ra2+ 41. Kb1 h3 42. Nf4 Rb2+ 43. Ka1 Ra2+ 44. Kb1 Rf2 45. Nxg2 hxg2 46. Ka1 b4 47. Kb1 a5 48.
Rc1 a4 49. Rce1 b3 50. Re4 Rf1+ 51. Re1 Rf2 52. Re4 a3 53. Rg4+ Kf8 54. R4xg2 a2+ 55.
Ka1 Rf5 56. Rb2 Rf3 57. Rd1 f5 58. Rbd2 Kf7 59. Kb2 Kf6 60. Rd3 Rf2+ 61. R1d2 Rf1 62.
Rd1 Rf2+ 63. Kxb3 Re2 64. R3d2 Rxd2 65. Ra1 f4 66. Rf1 Kf5 0-1

[Event "Early-Titled-Tuesday-Blitz-January-30-2024"]
[Site "Chess.com"]
[Date "2024.01.30"]
[Round "9"]
[White "Mops_2004"]
[Black "Let_it_be_1"]
[Result "1-0"]
[WhiteElo "2763"]
[BlackElo "2583"]
[TimeControl "180+1"]
[EndTime "9:49:05 PST"]
[Termination "Mops_2004 won by checkmate"]

1. f4 d5 2. Nf3 Nf6 3. g3 g6 4.
Bg2 Bg7 5. O-O O-O 6. d3 b6 7. a4 a5 8. Qe1 Bb7 9. Nc3 Nbd7 10. e4 dxe4 11. dxe4 Nc5 12. e5 Nfe4 13. Nxe4 Bxe4 14. Qf2 f6 15. Be3 fxe5 16. Rad1 Qc8 17. Bxc5 bxc5 18. Qxc5 Qb7 19. Rd7 Bc6 20. Nxe5 Bxg2 21. Qxe7 Qb6+ 22. Kxg2 Qf6 23. Qxf6 Bxf6 24. Rxc7 Rfd8 25. Nd3 Re8 26. b3 Bd4 27. Ne5 Rad8 28. Rd1 Bb2 29. Rxd8 Rxd8 30. Nd3 Bd4 31. Rc4 Bb6 32. Kf3 Re8 33. Ne5 Bg1 34.
h3 g5 35. Kg4 gxf4 36. gxf4 Kg7 37. Kf5 Rf8+ 38. Ke6 Rf6+ 39. Kd5 Rh6 40. Rc7+ Kg8 41. f5 Bh2 42. Rc8+ Kg7 43. Ng4 Rxh3 44. f6+ Kf7 45. Ra8 Rh5+ 46. Ke4 Bg3 47. Ra7+ Kg6 48. Rg7# 1-0

[Event "Early-Titled-Tuesday-Blitz-January-30-2024"]
[Site "Chess.com"]
[Date "2024.01.30"]
[Round "9"]
[White "Noki102"]
[Black "mac0504"]
[Result "1-0"]
[WhiteElo "2528"]
[BlackElo "2728"]
[TimeControl "180+1"]
[EndTime "9:49:05 PST"]
[Termination "Noki102 won on time"]

1. d4 Nf6 2. Nf3 b6 3. g3 Bb7 4. Bg2 g6 5. O-O Bg7 6. c4 O-O 7. Nc3 e6 8. Qd3 d6 9. h3 Nbd7 10.
Rd1 Qe7 11. b3 Rad8 12. Nb5 a6 13. Nc3 e5 14. e4 exd4 15. Nxd4 Nc5 16. Qe3 Rfe8 17. f3 a5 18. Qf2 h5 19. Bg5 c6 20.
Rab1 Qc7 21. a3 Rd7 22. b4 axb4 23. axb4 Ne6 24. Nxe6 Rxe6 25. Be3 c5 26. Nd5 Bxd5 27. cxd5 Re8 28. Bf1 Ra8 29. Bb5 Rdd8 30. Bc6 Ra3 31. bxc5 bxc5 32. Rb7 Qa5 33. e5 dxe5 34. Bxc5 Ra2 35.
Qe3 Bh6 36. f4 exf4 37. gxf4 Bxf4 38. Qd4 Be5 39. Qe3 Rc2 40. Bb6 Qa2 41. Qxe5 Rg2+ 42.
Kh1 Qc2 43. Rf1 1-0

[Event "Early-Titled-Tuesday-Blitz-January-30-2024"]
[Site "Chess.com"]
[Date "2024.01.30"]
[Round "9"]
[White "WindWhistler11"]
[Black "YairParkhov"]
[Result "0-1"]
[WhiteElo "2484"]
[BlackElo "2686"]
[TimeControl "180+1"]
[EndTime "9:49:06 PST"]
[Termination "YairParkhov won by checkmate"]

1. c4 c5 2. Nc3 Nc6 3. g3 Nf6 4. Bg2 e6 5. Nh3 d5 6. cxd5 exd5 7. Nf4 d4 8. Ncd5 Nxd5 9. Nxd5 Bd6 10. e4 Ne7 11. Nxe7 Qxe7 12. d3 O-O 13. O-O Be6 14.
f4 f6 15. b3 a5 16. Bd2 Bf7 17. Re1 Bc7 18. Rc1 b6 19. e5 Rae8 20. e6 Bg6 21. h4 Bxd3 22. Bxa5 Bf5 23. Bd2 Qd6 24.
b4 Bxe6 25. bxc5 bxc5 26. Qc2 Bb6 27. f5 Bf7 28. Bf4 Qd7 29. Bf3 d3 30. Qg2 c4+ 31.
Kh2 Rxe1 32. Rxe1 c3 33. Bc6 Qd8 34. Qe4 d2 35. Rd1 Bh5 36. g4 Bxg4 37. Bd5+ Kh8 38.
Rg1 d1=Q 39. Rxd1 Bxd1 40. h5 c2 41. h6 gxh6 42. Bxh6 Rg8 43. Bxg8 Qxg8 44. Qe7 Qg1+ 45. Kh3 Qg4+ 46. Kh2 Bg1+ 47. Kh1 Bf3# 0-1

[Event "Early-Titled-Tuesday-Blitz-January-30-2024"]
[Site "Chess.com"]
[Date "2024.01.30"]
[Round "9"]
[White "Aygehovit1992"]
[Black "Chessdreamer2020"]
[Result "1-0"]
[WhiteElo "2691"]
[BlackElo "2556"]
[TimeControl "180+1"]
[EndTime "9:49:06 PST"]
[Termination "Aygehovit1992 won on time"]

1. e4 c6 2. Nc3 d5 3. Nf3 dxe4 4. Nxe4 Nf6 5. Qe2 Be6 6. c4 Na6 7. Nxf6+ exf6 8. d4 Bb4+ 9. Bd2 O-O 10. Bxb4 Nxb4 11. Qd2 Qa5 12. Rc1 Rfe8 13. Be2 Qa4 14. O-O Nxa2 15. Ra1 Qb3 16. d5 cxd5 17. Nd4 Qb4 18. Qc2 Qb6 19. c5 Qa5 20. b4 Qxb4 21. Nxe6 Nc3 22. Nf4 Qxf4 23. Qxc3 Rxe2 24. c6 bxc6 25. Qxc6 Rd8 26. Rxa7 Qe5 27. Qb7 Qe8 28. Ra5 d4 29.
Rd5 d3 30. Rxd8 Qxd8 31. Qf3 Re5 32. Rd1 d2 33. Kf1 g6 34. g3 Kg7 35. Qc3 Rd5 36. Qe3 Qd6 37. h4 1-0

[Event "Early-Titled-Tuesday-Blitz-January-30-2024"]
[Site "Chess.com"]
[Date "2024.01.30"]
[Round "9"]
[White "guillembaches"]
[Black "manitodeplomo"]
[Result "0-1"]
[WhiteElo "2545"]
[BlackElo "2683"]
[TimeControl "180+1"]
[EndTime "9:49:06 PST"]
[Termination "manitodeplomo won on time"]

1. d4 g6 2. Nf3 Bg7 3. c3 Nf6 4. Bg5 h6 5. Bh4 O-O 6. Nbd2 d6 7. e4 c5 8. dxc5 dxc5 9. Bc4 Nc6 10. Qe2 Nh5 11. Bg3 Nxg3 12. hxg3 Qc7 13. Qe3 Ne5 14. Nxe5 Qxe5 15. Nf3 Qd6 16. Rxh6 Bxh6 17. Qxh6 Qf6 18. O-O-O Bg4 19. Rh1 Rfd8 20. Qh7+ Kf8 21. Ne5 e6 22. f4 Bh5 23. Bb5 Ke7 24. Nd3 Rh8 25. e5 Qf5 26. Qg7 Be2 27. Qf6+ Qxf6 28. exf6+ Kxf6 29. Re1 Bxd3 30. Bxd3 Rad8 31. Be4 Rd7 32. Kc2 Rhd8 33. a4 b6 34. Kb3 Rd2 35. Re3 Rf2 36. Bc6 Rdd2 37. a5 Rfe2 38. Kc4 Rxe3 0-1

[Event "Early-Titled-Tuesday-Blitz-January-30-2024"]
[Site "Chess.com"]
[Date "2024.01.30"]
[Round "9"]
[White "Kostukov_Alex"]
[Black "Casper"]
[Result "1-0"]
[WhiteElo "2314"]
[BlackElo "2502"]
[TimeControl "180+1"]
[EndTime "9:49:06 PST"]
[Termination "Kostukov_Alex won on time"]

1. g3 Nc6 2. Bg2 d6 3. c4 Bd7 4. Nf3 Qc8 5. h4 e5 6. Nc3 f5 7. d4 Nf6 8. d5 Ne7 9. c5 e4 10. cxd6 cxd6 11. Ng5 Qc4 12. Ne6 Bxe6 13. dxe6 Qxe6 14.
O-O d5 15. Nb5 Qd7 16. Nd4 Nc6 17. Bg5 Ng4 18. Rc1 h6 19. Bf4 g5 20. hxg5 hxg5 21. Bxg5 Qh7 22. Bh4 Be7 23. f3 Bxh4 24. fxg4 Bxg3 25.
Rxf5 Qc7 26. Rh5 O-O-O 27. Nxc6 bxc6 28. Qc2 Qb6+ 29. Kh1 Rxh5+ 30. gxh5 Rd6 31. Bh3+ Kb7 32. Qc5 Qxb2 33. Qc2 Qxc2 34. Rxc2 d4 35. Bg4 d3 36. exd3 exd3 37. Rd2 c5 38. Kg2 Bf4 39. Rd1 c4 40.
Kf3 c3 41. Kxf4 c2 42. Rc1 1-0

[Event "Early-Titled-Tuesday-Blitz-January-30-2024"]
[Site "Chess.com"]
[Date "2024.01.30"]
[Round "9"]
[White "Roman_Ovetchkin"]
[Black "DenLaz"]
[Result "1/2-1/2"]
[WhiteElo "2667"]
[BlackElo "3035"]
[TimeControl "180+1"]
[EndTime "9:49:08 PST"]
[Termination "Game drawn by repetition"]

1. d4 Nf6 2. c4 e6 3. g3 d5 4. Bg2 Bb4+ 5. Bd2 Be7 6. Nf3 O-O 7. O-O c6 8. Qc2 Nbd7 9. Bf4 h6 10. Re1 a5 11. Nbd2 Nh5 12. Be5 g5 13. h3 f6 14.
cxd5 exd5 15. Qg6+ Ng7 16. Qxh6 fxe5 17. dxe5 Nc5 18. e4 dxe4 19. Nxe4 Nxe4 20. Rxe4 Bf5 21. Rd4 Qb6 22. Rad1 Rad8 23. g4 Bh7 24. R4d2 Rxd2 25. Rxd2 Rd8 26. Nxg5 Bxg5 27. Qxg5 Rxd2 28. Qxd2 Bg6 29.
Kh2 Ne6 30. f4 Qc5 31. Kg3 Nd4 32. h4 Bf7 33. b3 Bd5 34. Bxd5+ Qxd5 35. Qd3 c5 36. h5 Qh1 37. Qg6+ Kf8 38. Qd6+ Kf7 39. Qd7+ Kf8 40. Qd6+ Ke8 41. Qb8+ Kd7 42. Qd6+ Ke8 43. Qb8+ Kd7 44. Qd6+ Ke8 1/2-1/2

[Event "Early-Titled-Tuesday-Blitz-January-30-2024"]
[Site "Chess.com"]
[Date "2024.01.30"]
[Round "9"]
[White "GothamChess"]
[Black "bilosuvenosu06"]
[Result "1-0"]
[WhiteElo "2749"]
[BlackElo "2550"]
[TimeControl "180+1"]
[EndTime "9:49:09 PST"]
[Termination "GothamChess won by resignation"]

1. e4 c5 2. a3 e6 3. b4 d5 4. exd5 exd5 5. Nf3 Nf6 6. Bb5+ Bd7 7. Bxd7+ Nbxd7 8. O-O Be7 9. Bb2 O-O 10. b5 Bd6 11. a4 Re8 12. a5 Qc7 13. h3 Ne5 14. d3 h6 15. Nbd2 Nfd7 16. d4 Nxf3+ 17. Qxf3 cxd4 18. Qxd5 Nf6 19. Qc4 Rac8 20. Qxc7 Rxc7 21. Bxd4 Rxc2 22. Nf3 a6 23. Rfb1 Nd5 24. bxa6 bxa6 25. Re1 Rec8 26. Bb6 Bc5 27. Bxc5 R2xc5 28. Nd4 Nb4 29. Reb1 Rc4 30.
Nf5 R8c7 31. Nd6 Rd4 32. Nf5 Rf4 33. Ne3 Rd7 34. Ra4 Rdd4 35. g3 Rfe4 36. Nf5 Rd5 37.
g4 g6 38. Nxh6+ Kg7 39. Nxf7 Kxf7 40. Rbxb4 Rxb4 41. Rxb4 Rxa5 42. Rb6 Kg7 43. Kg2 Ra2 44. h4 a5 45. Rb7+ Kf6 46. Rb6+ Kf7 47. Ra6 a4 48. Kg3 a3 49. f3 Ra1 50. Kf4 a2 51. Kg5 Rf1 52. Rxa2 Rxf3 53. Ra7+ Ke6 54. Kxg6 Rg3 55.
g5 1-0

[Event "Early-Titled-Tuesday-Blitz-January-30-2024"]
[Site "Chess.com"]
[Date "2024.01.30"]
[Round "9"]
[White "KubaGepard"]
[Black "GrotBchess"]
[Result "1/2-1/2"]
[WhiteElo "2543"]
[BlackElo "2334"]
[TimeControl "180+1"]
[EndTime "9:49:09 PST"]
[Termination "Game drawn by agreement"]

1. d4 Nf6 2. Nf3 e6 3. Bf4 d5 4. e3 c5 5. c3 Nc6 6. Nbd2 Bd6 7. Bg3 Qe7 8. Ne5 O-O 9. Bd3 Nd7 10. Nxd7 Qxd7 11.
f4 b6 12. O-O Bb7 13. Qe2 Rae8 14. Rae1 Qc7 15. Nf3 f5 16. Ne5 Bxe5 17. fxe5 Ne7 18. Bf4 Ng6 19. Qf2 Nxf4 20. Qxf4 Qf7 21. Kh1 Qh5 22. Rf3 g5 23. Qg3 g4 24. Rf4 Qg5 25. h4 Qg7 26. Qf2 h5 27. g3 Rf7 28. Qg2 c4 29.
Bc2 Bc8 30. Ref1 Rc7 31. Kh2 b5 32. a3 a5 33. Qd2 a4 34. Re1 Rf7 35. Rf2 Ref8 36.
Ref1 Qg6 37. Rf4 Bd7 38. Qf2 Bc6 39. Qg1 Qg7 40. Kg2 Qg6 41. Kf2 Qg7 42. Ke1 Qg6 43. Kd2 Qg7 44. Kc1 Qg6 45. Kb1 Qg7 46. Qf2 Qg6 47. Qe2 Qg7 48. R4f2 Qg6 49. Rh2 Qg7 50. Qf2 Qg6 51. Qf4 Qg7 52. Qg5 Qxg5 53. hxg5 Rh7 54. g6 Rh6 55. Rfh1 Kg7 56. Rxh5 Rfh8 57. Rxh6 Rxh6 58.
Rxh6 Kxh6 59. Kc1 Kxg6 60. Kd2 Kg5 61. Ke2 Kg6 62. Bd1 Kg5 63. Kf2 Kg6 64. Be2 Kg5 65.
Bf1 Kg6 66. Ke1 Kg5 67. Kd2 Kg6 68. Be2 Kg5 69. Bd1 Kg6 70. Bc2 Kg5 71. Ke2 Kh5 1/2-1/2

[Event "Early-Titled-Tuesday-Blitz-January-30-2024"]
[Site "Chess.com"]
[Date "2024.01.30"]
[Round "9"]
[White "FairChess_on_YouTube"]
[Black "rasmussvane"]
[Result "1-0"]
[WhiteElo "3097"]
[BlackElo "2972"]
[TimeControl "180+1"]
[EndTime "9:49:11 PST"]
[Termination "FairChess_on_YouTube won on time"]

1. Nf3 d5 2. d4 Nf6 3. c4 e6 4. Bg5 dxc4 5. e4 c5 6. Nc3 cxd4 7.
Qxd4 Qxd4 8. Nxd4 a6 9. Bxc4 Bc5 10. Nb3 Bb4 11. f3 Nc6 12. Rc1 Bd7 13. a3 Na5 14. Nxa5 Bxa5 15. Kf2 Bc6 16. Rhd1 O-O 17. Be3 Rfd8 18. b4 Bc7 19. a4 Be5 20. Rxd8+ Rxd8 21. b5 axb5 22. axb5 Be8 23. Be2 Rc8 24. Na4 Rxc1 25.
Bxc1 Bd6 26. Be3 Bd7 27. h4 Kf8 28. Nc5 Bc8 29. g4 Nd7 30. Na4 f6 31. f4 Ke7 32.
g5 Nf8 33. Nb6 Bd7 34. h5 fxg5 35. fxg5 Be8 36. Nc8+ Kd7 37. Nxd6 Kxd6 38. Bc1 Nd7 39. Ke3 e5 40. Ba3+ Nc5 41. h6 gxh6 42. gxh6 Bg6 43. Bg4 b6 44. Bf5 1-0

[Event "Early-Titled-Tuesday-Blitz-January-30-2024"]
[Site "Chess.com"]
[Date "2024.01.30"]
[Round "9"]
[White "Ron_Weasley_Chess"]
[Black "Glidzhian_Gor"]
[Result "0-1"]
[WhiteElo "2432"]
[BlackElo "2575"]
[TimeControl "180+1"]
[EndTime "9:49:11 PST"]
[Termination "Glidzhian_Gor won by checkmate"]

1. Nf3 Nf6 2. g3 g6 3. Bg2 Bg7 4. O-O O-O 5. c4 d6 6. Nc3 Nc6 7. d3 e5 8. Rb1 h6 9. b4 Bg4 10. b5 Ne7 11. h3 Be6 12. e4 Qd7 13. Kh2 a6 14. a4 axb5 15. axb5 Nh7 16. Ne1 f5 17.
exf5 Nxf5 18. Nc2 Nd4 19. Nxd4 exd4 20. Nd5 Ra2 21. Rb2 Rxb2 22. Bxb2 g5 23. Qh5 c6 24.
bxc6 bxc6 25. Nb4 Nf6 26. Qe2 c5 27. Nd5 Nxd5 28. cxd5 Bf5 29. f4 gxf4 30. Rxf4 Be5 31.
Rf3 Qg7 32. Qf2 Bxd3 33. Bc1 Rxf3 34. Qxf3 c4 35. h4 Bh7 36. Bh3 Kh8 37. Kg2 c3 38. Be6 d3 39. Qh5 Qxg3+ 40. Kf1 Qg6 41. Qf3 Qf6 42.
Qxf6+ Bxf6 43. Ke1 Bxh4+ 44. Kd1 Be4 45. Bg4 Bg5 46.
Bxg5 hxg5 47. Kc1 Kg7 48. Bd1 Kf6 49. Bc2 d2+ 50. Kd1 Bf3# 0-1

[Event "Early-Titled-Tuesday-Blitz-January-30-2024"]
[Site "Chess.com"]
[Date "2024.01.30"]
[Round "9"]
[White "familijatop71"]
[Black "lularobs"]
[Result "1-0"]
[WhiteElo "2238"]
[BlackElo "1584"]
[TimeControl "180+1"]
[EndTime "9:49:11 PST"]
[Termination "familijatop71 won on time"]

1. e4 e6 2. d4 d5 3. e5 c5 4. c3 Nc6 5. Nf3 Bd7 6. a3 c4 7. g3 Na5 8. Nbd2 Bc6 9. Bg2 Qd7 10.
O-O Ba4 11. Qe2 Nb3 12. Nxb3 Bxb3 13. Ne1 Ne7 14. f4 Nf5 15. Qf2 Be7 16. Nf3 Qa4 17.
g4 Nh6 18. h3 Bc2 19. Ne1 Bb3 20. f5 O-O-O 21. f6 Bf8 22. Bxh6 gxh6 23. Nf3 Rg8 24. Rac1 a5 25. Qd2 Qd7 26. g5 hxg5 27.
Nxg5 Bh6 28. h4 Bxg5 29. hxg5 Rg6 30. Rf3 Rdg8 31. Rg3 h6 32. Kf2 hxg5 33. Rh1 Kc7 34. Rh7 Qe8 35. Rh5 g4 36. Rh4 Rg5 37. Rhxg4 Rf5+ 38. Kg1 Rxg4 39. Rxg4 Qf8 40. Rg7 Kb6 41. Bh3 Rf3 42.
Qg2 Rd3 43. Rg8 Qh6 44. Qg7 Rd1+ 45. Bf1 Qd2 46. Qxf7 1-0